 Dungeon Crawl Stone Soup version 0.30-a0-639-g3916f1956a (webtiles) character file.

Game seed: 14329014965978462638

4081 wormed the Cleaver (level 10, -1/70 (79) HPs)
             Began as a Formicid Chaos Knight on Jan 17, 2023.
             Was a Plaything of Xom.
             Slain by a two-headed ogre
             ... wielding a +0 giant spiked club
              (3 damage)
             ... on level 8 of the Dungeon.
             The game lasted 00:11:20 (7694 turns).

wormed the Cleaver (Formicid Chaos Knight)          Turns: 7694, Time: 00:11:20

HP:   -1/70 (79)    AC: 14    Str: 21    XL:     10   Next: 49%
MP:   10/10         EV: 12    Int: 10    God:    Xom [......]
Gold: 301           SH:  0    Dex: 13    Spells: 9/9 levels left

rFire   . . .      SeeInvis +    a - +0 hand axe (chaos)
rCold   + + .      Faith    .    (no shield)
rNeg    . . .      Spirit   .    t - +3 scale mail {rC+}
rPois   +          Reflect  .    (helmet unavailable)
rElec   .          Harm     .    (no cloak)
rCorr   .          Rampage  .    (no gloves)
Will    +++..      Clarity  +    (no boots) Stlth
                                 (no amulet)
HPRegen 0.31/turn                o - ring of protection from cold
MPRegen 0.12/turn                (no ring)

@: heavily drained, invisible
A: permanent stasis, dig shafts and tunnels, antennae 3, four strong arms,
hooves 1, iridescent scales 2, clarity, dopey 1, strong-willed 2, passive
freeze, poison resistance, MP-powered wands
a: Dig, Shaft Self, Renounce Religion


You were on level 8 of the Dungeon.
You worshipped Xom.
You were a very special plaything of Xom.
You visited 1 branch of the dungeon, and saw 9 of its levels.

You collected 301 gold pieces.

Inventory:

Hand Weapons
 a - a +0 hand axe of chaos (weapon)
Missiles
 h - 5 silver javelins
 j - a javelin
 s - a curare-tipped dart
 v - 15 poisoned darts
Armour
 t - a +3 scale mail of cold resistance (worn)
Jewellery
 d - a ring of ice
 o - a ring of protection from cold (left hand)
Wands
 f - a wand of polymorph (20) (quivered)
Scrolls
 b - a scroll of poison
 l - 2 scrolls of fog
Potions
 e - a potion of brilliance
 g - a potion of resistance
 i - 4 potions of mutation
 k - 2 potions of curing {unknown}
 m - 2 potions of magic {unknown}
 p - a potion of invisibility
 u - a potion of ambrosia {unknown}
 w - 2 potions of attraction {unknown}
Miscellaneous
 c - a piece from Xom's chessboard (15/15)
 n - a phial of floods (inert)


   Skills:
 + Level 7.2 Fighting
 * Level 9.0 Axes
 + Level 6.8 Armour
 + Level 5.3 Dodging
 + Level 7.7 Shields


You had 9 spell levels left.
You didn't know any spells.
Your spell library contained the following spells:

 Spells                   Type           Power      Damage    Failure   Level
 Cigotuvi's Dreadful Rot  Necr/Pois/Air  0%         N/A       80%         2
 Dispel Undead            Necr           0%         3d6       100%        4
 Summon Forest            Summ/Tloc      0%         N/A       100%        5
 Death Channel            Necr           0%         N/A       100%        6
 Eringya's Noxious Bog    Tmut/Pois      0%         N/A       100%        6
 Summon Hydra             Summ           0%         N/A       100%        7


Dungeon Overview and Level Annotations

Branches:
Dungeon (9/15)             Temple (0/1) D:6             Orc (0/2) D:9
   Lair: D:8-11

Altars:
Cheibriados
Gozag
Hepliaklqana
Makhleb
Nemelex Xobeh
Okawaru
Qazlal
Sif Muna
Vehumet
Xom
Zin


Innate Abilities, Weirdness & Mutations

You cannot be hasted, slowed, berserked, paralysed or teleported.
You can dig through walls and to a lower floor.
You have a pair of large antennae on your head. (SInv)
Your four strong arms can wield two-handed weapons with a shield.
You have large cloven feet.
You are mostly covered in iridescent scales. (AC +4)
You possess an exceptional clarity of mind.
You are dopey. (Int -2)
You are highly strong-willed. (Will++)
A frigid envelope surrounds you and freezes all who hurt you.
Your system is resistant to poisons. (rPois)
You expend magic power (3 MP) to strengthen your wands.


Message History

The wight resists.
The wight is very cold.
The wight is moderately damaged.
The two-headed ogre attacks as you move away!
The two-headed ogre hits you with a +0 giant spiked club!
The two-headed ogre is very cold.
The two-headed ogre is lightly wounded.
The two-headed ogre hits you with a +0 giant club.
The two-headed ogre is very cold.
The two-headed ogre is moderately wounded.
Aiming: Polymorph
Press: ? - help, Q - select action, (/) - cycle Shift-Dir - straight line, f - two-headed ogre
Aim: a two-headed ogre, wielding a +0 giant spiked club and a +0 giant club (moderately wounded, will become a redback, a glowing shapeshifter, or a snapping turtle, chance to affect: 35%)
Okay, then.
You closely miss the wight.
The wight is moderately damaged.
You closely miss the wight. You kick the wight, but do no damage.
The wight is moderately damaged.
You closely miss the two-headed ogre.
The wight hits you with a +5 mace of protection!
You feel drained.
* * * LOW HITPOINT WARNING * * *
The wight resists.
The wight is very cold.
The wight is moderately damaged.
The two-headed ogre hits you with a +0 giant spiked club!
* * * LOW HITPOINT WARNING * * *
The two-headed ogre is very cold.
The two-headed ogre is moderately wounded.
The two-headed ogre hits you with a +0 giant club!
You die... "Oh, no, you don't!"
Xom revives you!
The two-headed ogre is very cold.
The two-headed ogre is heavily wounded.
You fade into invisibility!
The wight barely misses you.
Are you sure you want to shaft yourself?
The wight barely misses you.
The two-headed ogre hits you with a +0 giant spiked club.
You die...
Xom is highly amused!

#........###...####....###..
###.##...###...####....###..
#.....................#...
#............^........#...
#.....o.o.............#...
#>...........)...>....#...
#..............)......#...
#.......Oz....).).....#...
#........@......).....#...
##...##.#..#...##....##...
#### ######...##....#
#....#.......
#....#.........
#....#..........
################


You could see a two-headed ogre (unable to see you), an orc warrior (unable to
see you), a wight (unable to see you) and an orc wizard (unable to see you).

Vanquished Creatures
  A hornet (D:4)
  5 yaks (D:9)
  A steam dragon (D:8)
  Edmund (D:4)
  Duvessa (D:5)
  4 ice beasts
  A black bear (D:7)
  A sky beast (D:8)
  An ogre (D:4)
  A centaur (D:7)
  A phantom (D:5)
  2 kobold brigands (D:6)
  2 bullfrogs (D:6)
  2 scorpions (D:6)
  7 wights
  Dowan (D:5)
  A killer bee (D:7)
  2 jellies (D:6)
  3 orc priests (D:8)
  A gnoll bouda (D:6)
  8 orc wizards
  2 iguanas
  Ijyb (D:4)
  8 gnolls (D:6)
  8 adders
  A shadow imp (D:7)
  A white imp (D:6)
  4 ufetubi
  3 worms
  6 dart slugs
  17 orcs
  5 ball pythons
  10 endoplasms
  3 goblins
  3 hobgoblins (D:2)
  2 jackals (D:1)
  4 quokkas
  4 bats
  3 frilled lizards
  10 kobolds
  5 rats
147 creatures vanquished.

Vanquished Creatures (collateral kills)
  A steam dragon (D:7)
  Menkaure (D:7)
  2 killer bees (D:7)
  A hound (D:7)
  An orc priest (D:7)
  An ufetubus (D:7)
  A dart slug (D:5)
  2 orcs (D:7)
10 creatures vanquished.

Vanquished Creatures (others)
  Pikel (D:4)
  A lemure (D:4)
  An adder zombie (D:5)
3 creatures vanquished.

Grand Total: 160 creatures vanquished

Notes
Turn   | Place    | Note
-------+----------+-------------------------------------------
     0 | D:1      | wormed the Formicid Chaos Knight began the quest for the
                  | Orb.
     0 | D:1      | Reached XP level 1. HP: 18/18 MP: 1/1
    88 | D:1      | Reached skill level 1 in Dodging
   191 | D:1      | XOM: potion effect (invisibility)
   202 | D:1      | Reached XP level 2. HP: 21/24 MP: 2/2
   445 | D:1      | XOM: smoke on damage
   448 | D:1      | Reached skill level 1 in Shields
   449 | D:1      | Reached XP level 3. HP: 29/29 MP: 3/3
   720 | D:1      | XOM: noise
  1257 | D:2      | XOM: swap monsters
  1258 | D:2      | XOM: potion effect (invisibility)
  1260 | D:2      | Reached XP level 4. HP: 37/37 MP: 4/4
  1263 | D:2      | Reached XP level 5. HP: 42/42 MP: 5/5
  1443 | D:2      | XOM: give mutations
  1443 | D:2      | Gained mutation: You occasionally lose the ability to read
                  | scrolls when taking damage. [Xom's mischief]
  1443 | D:2      | Gained mutation: You occasionally lose the ability to drink
                  | potions when taking damage. [Xom's mischief]
  1584 | D:2      | XOM: give mutations
  1584 | D:2      | Lost mutation: You occasionally lose the ability to drink
                  | potions when taking damage. [Xom's mischief]
  1584 | D:2      | Gained mutation: You are clumsy. (Dex -2) [Xom's mischief]
  1584 | D:2      | Lost mutation: You are clumsy. (Dex -2) [Xom's mischief]
  1584 | D:2      | Gained mutation: You are dopey. (Int -2) [Xom's mischief]
  1700 | D:2      | Reached skill level 4 in Axes
  1727 | D:2      | XOM: summons 3 hostile demons
  1772 | D:2      | XOM: god gift: phial of floods
  1939 | D:3      | XOM: god gift: book of Decay
  1955 | D:3      | XOM: divination: detect creatures
  2177 | D:3      | XOM: silly message
  2190 | D:3      | XOM: divination: detect items
  2200 | D:3      | Found a faded altar of an unknown god.
  2369 | D:3      | Found an opulent altar of Gozag.
  2858 | D:4      | XOM: smoke on damage
  2931 | D:4      | Noticed Ijyb
  2931 | D:4      | Noticed Edmund
  2931 | D:4      | XOM: noise
  2957 | D:4      | Killed Edmund
  2958 | D:4      | Reached XP level 6. HP: 22/48 MP: 6/6
  2959 | D:4      | XOM: swap monsters
  2976 | D:4      | Killed Ijyb
  3118 | D:4      | Noticed Pikel
  3126 | D:4      | Killed Pikel
  3126 | D:4      | XOM: divine lightning
  3243 | D:4      | XOM: god gift: wand of mindburst (9)
  3311 | D:4      | Noticed an ogre
  3314 | D:4      | Killed an ogre
  3315 | D:4      | Reached skill level 5 in Axes
  3315 | D:4      | Reached XP level 7. HP: 55/55 MP: 7/7
  3330 | D:4      | XOM: give mutations
  3330 | D:4      | Gained mutation: You are agile. (Dex +4, Str/Int -1) [Xom's
                  | grace]
  3330 | D:4      | Gained mutation: Your system is resistant to poisons.
                  | (rPois) [Xom's grace]
  3330 | D:4      | Gained mutation: You expend magic power (3 MP) to
                  | strengthen your wands. [Xom's grace]
  3330 | D:4      | Gained mutation: You possess an exceptional clarity of
                  | mind. [Xom's grace]
  3410 | D:4      | Noticed a hornet
  3412 | D:4      | Killed a hornet
  3518 | D:4      | XOM: scenery: summon butterflies
  3556 | D:4      | XOM: cloud trail
  3677 | D:4      | Found a hazy altar of Hepliaklqana.
  3680 | D:4      | Found a radiant altar of Vehumet.
  3767 | D:4      | Found a glowing silver altar of Zin.
  3767 | D:4      | Found an iron altar of Okawaru.
  3767 | D:4      | Found a stormy altar of Qazlal.
  3768 | D:4      | Found a shimmering altar of Xom.
  3769 | D:4      | Found a snail-covered altar of Cheibriados.
  3770 | D:4      | Found a burning altar of Makhleb.
  3771 | D:4      | Found a sparkling altar of Nemelex Xobeh.
  3772 | D:4      | Found a shimmering blue altar of Sif Muna.
  3837 | D:5      | Entered Level 5 of the Dungeon
  3868 | D:5      | Reached XP level 8. HP: 58/61 MP: 8/8
  3896 | D:5      | XOM: fake destruction
  4042 | D:5      | XOM: give mutations
  4042 | D:5      | Gained mutation: You have hidden genetic potential. [Xom's
                  | grace]
  4042 | D:5      | Gained mutation: You are resistant to electric shocks.
                  | (rElec) [Xom's grace]
  4042 | D:5      | Gained mutation: You are strong-willed. (Will+) [Xom's
                  | grace]
  4093 | D:5      | XOM: give mutations
  4093 | D:5      | Gained mutation: You are partially covered in iridescent
                  | scales. (AC +2) [Xom's grace]
  4093 | D:5      | Gained mutation: You are highly strong-willed. (Will++)
                  | [Xom's grace]
  4131 | D:5      | Reached skill level 5 in Fighting
  4132 | D:5      | XOM: god gift: scroll labelled TYEN YZI DEGE {god gift}
  4147 | D:5      | Noticed Dowan
  4351 | D:5      | Reached skill level 6 in Axes
  4528 | D:5      | Noticed Duvessa
  4529 | D:5      | XOM: swap monsters
  4540 | D:5      | XOM: blink monster(s)
  4540 | D:5      | Killed Duvessa
  4544 | D:5      | Killed Dowan
  4829 | D:6      | XOM: stealth player
  4841 | D:6      | Reached skill level 5 in Shields
  4876 | D:6      | XOM: noise
  4953 | D:6      | XOM: god gift: ring mail {god gift}
  4965 | D:6      | XOM: divination: magic mapping
  5034 | D:6      | XOM: potion effect (might)
  5043 | D:6      | Reached skill level 5 in Armour
  5128 | D:6      | Reached XP level 9. HP: 64/68 MP: 9/9
  5357 | D:6      | Reached skill level 7 in Axes
  5359 | D:6      | Gained mutation: You have large cloven feet. [hidden
                  | potential]
  5393 | D:6      | Found a staircase to the Ecumenical Temple.
  5398 | D:6      | XOM: cloud trail
  5494 | D:6      | XOM: snakes to sticks
  5583 | D:6      | XOM: scenery: create altars
  5846 | D:6      | XOM: give mutations
  5846 | D:6      | Lost mutation: You are agile. (Dex +4, Str/Int -1) [Xom's
                  | mischief]
  5846 | D:6      | Lost mutation: You are resistant to electric shocks.
                  | (rElec) [Xom's mischief]
  6029 | D:7      | Noticed Menkaure
  6035 | D:7      | XOM: cast spell 'Summon Dragon'
  6036 | D:7      | XOM: smoke on damage
  6037 | D:7      | Killed Menkaure
  6194 | D:7      | XOM: give mutations
  6194 | D:7      | Lost mutation: You are highly strong-willed. (Will++)
                  | [Xom's mischief]
  6194 | D:7      | Gained mutation: You are mostly covered in iridescent
                  | scales. (AC +4) [Xom's mischief]
  6281 | D:7      | Reached skill level 8 in Axes
  6344 | D:7      | Identified the +4 dagger of Interdependent Arising {drain,
                  | Str+6}
  6368 | D:7      | XOM: silly message
  6391 | D:7      | Reached XP level 10. HP: 64/77 MP: 10/10
  6524 | D:7      | XOM: give mutations
  6524 | D:7      | Lost mutation: You occasionally lose the ability to read
                  | scrolls when taking damage. [Xom's mischief]
  6524 | D:7      | Gained mutation: You are highly strong-willed. (Will++)
                  | [Xom's mischief]
  6545 | D:7      | XOM: summons 4 hostile shadow creatures
  6554 | D:7      | XOM: summons 4 hostile shadow creatures
  6558 | D:7      | You fall into a shaft and drop 2 floors!
  6558 | D:9      | Found a staircase to the Orcish Mines.
  6736 | D:9      | XOM: summons 2 friendly demons
  6758 | D:9      | Gained mutation: A frigid envelope surrounds you and
                  | freezes all who hurt you. [hidden potential]
  6758 | D:9      | Lost mutation: You have hidden genetic potential. [hidden
                  | potential expressed]
  6759 | D:9      | XOM: cast spell 'Cause Fear'
  6781 | D:9      | XOM: enchant monster (good)
  6783 | D:9      | Reached skill level 5 in Dodging
  6997 | D:9      | Noticed a brown ugly thing
  7014 | D:9      | XOM: repel stairs
  7015 | D:9      | XOM: silly message
  7016 | D:9      | XOM: blink monster(s)
  7024 | D:9      | XOM: confuse monster(s)
  7320 | D:8      | XOM: enchant monster (bad)
  7328 | D:8      | Reached skill level 9 in Axes
  7425 | D:8      | XOM: summons 4 hostile demons
  7466 | D:8      | XOM: torment (37/76 hp)
  7523 | D:8      | XOM: torment (29/76 hp)
  7679 | D:8      | Noticed a two-headed ogre
  7692 | D:8      | Xom revived you
  7694 | D:8      | Slain by a two-headed ogre

Illustrated notes

Levels and vault maps discovered:
D:1:      sevenhm_arrival_forest_fort_large_2, layout_basic
D:2:      layout_loops_cross
D:3:      layout_basic, mainiacjoe_overflow_surrounded_room,
          hellmonk_ecumenical_altar_crossroads, corexii_leaking_fountain
D:4:      layout_loops_cross, minitemple, uniq_pikel, uniq_ijyb, uniq_edmund
D:5:      layout_loops_cross, water_boxes_lemuel, uniq_duvessa
D:6:      nicolae_cairo_tiling_very_big, layout_gridville,
          minmay_temple_entry_fiery, minmay_puff
D:7:      layout_cave_pools, uniq_menkaure
D:8:      layout_gridville, chequers_jeans, st_stairs_14, uniq_erica
D:9:      layout_cross, nicolae_dithmenos_shadow_blocks, orc_0_dummy,
          amcnicky_mini_rare_corridor_liquid

Skill      XL: |  1  2  3  4  5  6  7  8  9 10 |
---------------+-------------------------------+-----
Dodging        | 1 2 3 4 5 |  5.3
Shields        | 1 2 3 4 5 6 7 |  7.7
Axes           | 4 5 6 8 9 |  9.0
Armour         | 3 4 5 6 |  6.8
Fighting       | 4 5 6 7 |  7.2

Action                   |  1- 3 |  4- 6 |  7- 9 | 10-12 || total
-------------------------+-------+-------+-------+-------++-------
Melee: Hand axe          |    72 |   151 |   287 |   106 ||   616
       Punch             |       |     2 |     2 |     2 ||     6
       Unarmed           |       |     9 |       |       ||     9
       Kick              |       |       |    41 |    40 ||    81
 Abil: Shaft Self        |       |       |       |     2 ||     2
Evoke: Wand              |       |     3 |     7 |    11 ||    21
       Phial of floods   |       |     1 |       |     1 ||     2
  Use: Scroll            |       |     6 |     9 |     3 ||    18
       Potion            |       |     2 |       |     1 ||     3
 Stab: Invisible         |       |     4 |       |       ||     4
       Paralysed         |       |     2 |     2 |     3 ||     7
       Distracted        |       |       |     1 |       ||     1
       Petrifying        |       |       |     2 |       ||     2
Armor: Leather armour    |    28 |    28 |    20 |       ||    76
       Skin              |       |     1 |       |       ||     1
       Scale mail        |       |       |   101 |    55 ||   156
Dodge: Dodged            |    50 |    95 |   174 |    84 ||   403

Table legend: (Time is in decaauts)
 A = Elapsed time spent in this place.
 B = Non-inter-level travel time spent in this place.
 C = Inter-level travel time spent in this place.
 D = Time resting spent in this place.
 E = Time spent auto-exploring this place.
 F = Levels seen in this place.
 G = Mean time per level.
                   A        B        C        D        E       F      G
               +--------+--------+--------+--------+--------+-----+--------+
         Total |   7690 |   7465 |    225 |    106 |   5942 |   9 |  854.4 |
       Dungeon |   7690 |   7465 |    225 |    106 |   5942 |   9 |  854.4 |
               +--------+--------+--------+--------+--------+-----+--------+

Top non-repeatable levels by time:
     D:6: 1185 daAuts
     D:4: 1010 daAuts
     D:5: 993 daAuts
     D:2: 965 daAuts
     D:1: 952 daAuts
     D:3: 930 daAuts
     D:8: 657 daAuts
     D:7: 528 daAuts
     D:9: 465 daAuts
